 Dungeon Crawl Stone Soup version 0.28-a0-1374-ga75cb3825e (webtiles) character file.

Game seed: 7321611125343198805

44 dolemite99 the Chiller (level 3, 0/24 (25) HPs)
             Began as a Gnoll Ice Elementalist on Jan 1, 2022.
             Was a Plaything of Xom.
             Slain by an orc (6 damage)
             ... on level 2 of the Dungeon.
             The game lasted 00:01:08 (1193 turns).

dolemite99 the Chiller (Gnoll Ice Elementalist)     Turns: 1193, Time: 00:01:09

HP:   0/24 (25)     AC:  2    Str:  7    XL:     3   Next: 60%
MP:   7/9           EV: 12    Int: 16    God:    Xom [..*...]
Gold: 29            SH:  5    Dex: 12    Spells: 11/12 levels left

rFire   . . .      SeeInvis .   e - staff of cold
rCold   + . .      Faith    .   h - +2 buckler
rNeg    . . .      Spirit   .   a - +0 robe
rPois   .          Reflect  .   (no helmet)
rElec   .          Harm     .   (no cloak)
rCorr   .          Rampage  .   (no gloves)
Will    .....                   (no boots)
Stlth   ++........              (no amulet)
HPRegen 0.08/turn               (no ring)
MPRegen 0.11/turn               (no ring)

@: lightly drained
A: fangs 1, strong nose, distributed training
a: Renounce Religion


You were on level 2 of the Dungeon.
You worshipped Xom.
You were a toy of Xom.
You visited 1 branch of the dungeon, and saw 2 of its levels.

You collected 29 gold pieces.

Inventory:

Hand Weapons
 c - a +0 dagger
Missiles
 b - 27 stones
 d - 15 poisoned darts
Armour
 a - a +0 robe (worn)
 h - a +2 buckler (worn)
Magical Staves
 e - a staff of cold (weapon)
Scrolls
 f - a scroll of amnesia {unknown}
 g - a scroll of identify {unknown}


   Skills:
 + Level 0.9 Fighting
 + Level 0.9 Short Blades
 + Level 0.9 Long Blades
 + Level 0.9 Axes
 + Level 0.9 Maces & Flails
 + Level 0.9 Polearms
 + Level 0.9 Staves
 + Level 0.9 Slings
 + Level 0.9 Bows
 + Level 0.9 Crossbows
 + Level 0.9 Throwing
 + Level 0.9 Armour
 + Level 4.5 Dodging
 + Level 4.2 Stealth
 + Level 0.9 Shields
 + Level 0.9 Unarmed Combat
 + Level 5.0 Spellcasting
 + Level 0.6 Conjurations
 + Level 0.6 Hexes
 + Level 0.6 Summonings
 + Level 0.6 Necromancy
 + Level 0.6 Translocations
 + Level 0.6 Transmutations
 + Level 0.6 Fire Magic
 + Level 7.1 Ice Magic
 + Level 0.6 Air Magic
 + Level 0.6 Earth Magic
 + Level 0.6 Poison Magic
 + Level 1.0 Invocations
 + Level 0.9 Evocations


You had 11 spell levels left.
You knew the following spells:

 Your Spells              Type           Power      Damage    Failure   Level
a - Freeze                Ice            100%       1d11      1%          1

Your spell library contained the following spells:

 Spells                   Type           Power      Damage    Failure   Level
 Frozen Ramparts          Ice            80%        1d10      3%          3
 Ozocubu's Armour         Ice            40%        N/A       3%          3
 Hailstorm                Conj/Ice       24%        3d7       41%         4


Dungeon Overview and Level Annotations

Branches:
Dungeon (2/15)

Altars:
Xom


Innate Abilities, Weirdness & Mutations

You have very sharp teeth.
Your uncanny sense of smell can sniff out nearby items.
Your experience applies equally to all skills.


Message History

You start resting.
HP restored.
You start waiting.
Done waiting.
Things that are here:
a +0 dagger; a +0 robe
Found a stone staircase leading down.
A bat comes into view.
The bat moves out of view.
There is a stone staircase leading down here.
Found an escape hatch in the floor.
There is an escape hatch in the floor here.
An orc comes into view. It is wielding a +1 whip of draining.
The orc shouts!
The orc priest invokes the aid of Beogh against you.
Beogh smites you!
Ouch! That really hurt!
The orc closely misses you.
Casting: Freeze (safe; 1% risk of failure)
Confirm with . or Enter, or press ? or * to list all spells.
Aiming: Freeze (safe; 1% risk of failure)
Press: ? - help, Shift-Dir - straight line, f - orc priest
Aim: an orc priest, wielding a +0 flail and wearing a +0 ring mail You feel a surge of power!
You freeze the orc priest!
The orc priest is severely wounded.
You block the orc priest's attack.
The orc hits you with a +1 whip of draining.
* * * LOW HITPOINT WARNING * * *
You feel drained.
Casting: Freeze (safe; 1% risk of failure)
Confirm with . or Enter, or press ? or * to list all spells.
Aiming: Freeze (safe; 1% risk of failure)
Press: ? - help, Shift-Dir - straight line, f/p - orc priest
Aim: an orc priest, wielding a +0 flail and wearing a +0 ring mail (severely wounded)
You feel a surge of power!
You freeze the orc priest.
The orc priest is almost dead.
Xom snickers.
Your buckler spins!
The orc priest barely misses you.
The orc hits you with a +1 whip of draining.
You die...

###### #.##<# #######.##.#
...........# #########..#
#.)...).######
#.#####...o@.########
#†#........o........#
#.#.###......######.# #.#
###......# #.#
#.#.##.......# #.#
#...##.......# #.#
#...##.##..### #.#
#...##.##..# #.########
#.#.##.##..########.>......#


You could see an orc priest and an orc.

Vanquished Creatures
  An orc wizard (D:2)
  3 dart slugs
  An orc (D:2)
  2 endoplasms (D:1)
  A giant cockroach (D:1)
  A goblin (D:1)
  A hobgoblin (D:1)
  2 jackals (D:1)
  A ball python (D:1)
13 creatures vanquished.

Notes
Turn   | Place    | Note
-------+----------+-------------------------------------------
     0 | D:1      | dolemite99 the Gnoll Ice Elementalist began the quest for
                  | the Orb.
     0 | D:1      | Reached XP level 1. HP: 13/13 MP: 6/6
    10 | D:1      | Noticed an ogre
    87 | D:1      | Found a faded altar of an unknown god.
   101 | D:1      | Prayed at the altar of an unknown god.
   101 | D:1      | Became a worshipper of Xom of Chaos
   230 | D:1      | XOM: silly message
   311 | D:1      | Reached XP level 2. HP: 19/19 MP: 5/7
   621 | D:1      | XOM: silly message
   937 | D:2      | Reached skill level 5 in Spellcasting
   937 | D:2      | Reached skill level 1 in Invocations
   937 | D:2      | Reached XP level 3. HP: 20/25 MP: 5/9
  1193 | D:2      | XOM: silly message
  1193 | D:2      | Slain by an orc

Illustrated notes

Levels and vault maps discovered:
D:1:      evilmike_arrival_come_back, layout_loops_ring,
          ebering_ecumenical_altar_box
D:2:      layout_basic

Skill      XL: |  1  2 |
---------------+-------+-----
Spellcasting   | 5 |  5.0
Invocations    | 1 |  1.0
Fighting       | |  0.9
Short Blades   | |  0.9
Long Blades    | |  0.9
Axes           | |  0.9
Maces & Flails | |  0.9
Polearms       | |  0.9
Staves         | |  0.9
Slings         | |  0.9
Bows           | |  0.9
Crossbows      | |  0.9
Throwing       | |  0.9
Armour         | |  0.9
Dodging        | |  4.5
Stealth        | |  4.2
Shields        | |  0.9
Unarmed Combat | |  0.9
Conjurations   | |  0.6
Hexes          | |  0.6
Summonings     | |  0.6
Necromancy     | |  0.6
Translocations | |  0.6
Transmutations | |  0.6
Fire Magic     | |  0.6
Ice Magic      | |  7.1
Air Magic      | |  0.6
Earth Magic    | |  0.6
Poison Magic   | |  0.6
Evocations     | |  0.9

Action                   || total
-------------------------++-------
Melee: Staff             ||     7
       Unarmed           ||     1
       Bite              ||     2
 Cast: Freeze            ||    17
 Stab: Sleeping          ||     2
Armor: Robe              ||     2
Dodge: Dodged            ||     6
Block: Buckler           ||     6

Table legend: (Time is in decaauts)
 A = Elapsed time spent in this place.
 B = Non-inter-level travel time spent in this place.
 C = Inter-level travel time spent in this place.
 D = Time resting spent in this place.
 E = Time spent auto-exploring this place.
 F = Levels seen in this place.
 G = Mean time per level.
                   A        B        C        D        E       F      G
               +--------+--------+--------+--------+--------+-----+--------+
         Total |   1193 |   1172 |     21 |    205 |    797 |   2 |  596.5 |
       Dungeon |   1193 |   1172 |     21 |    205 |    797 |   2 |  596.5 |
               +--------+--------+--------+--------+--------+-----+--------+

Top non-repeatable levels by time:
     D:1: 780 daAuts
     D:2: 413 daAuts
